[Event "Titled Tuesday Blitz June 20 Late 2023"]
[White "Barria Santos, Jose Guilherme"]
[Black "Vifleemskaia, Svetlana"]
[WhiteFideId "1939300"]
[BlackFideId "4129490"]
[WhiteElo "2266"]
[BlackElo "1930"]
[Result "0-1"]
[Round "10"]
[TimeControl "180+2"]
[Date "2023.06.20"]
[WhiteClock "0:00:37"]
[BlackClock "0:01:17"]
[Board "93"]

1. Nf3 Nf6 2. g3 b5 3. Bg2 Bb7 4. d4 e6 5. O-O Be7 6. b3 O-O 7. Bb2 b4 8. a3 a5 9. axb4 axb4 10. Rxa8 Bxa8 11. Nbd2 d6 12. Re1 Nbd7 13. e4 Nb6 14. Qe2 Qd7 15. e5 Nfd5 16. Ne4 Bb7 17. h4 h6 18. Bh3 Ra8 19. Ra1 Rxa1+ 20. Bxa1 Qc8 21. Bb2 Qa8 22. Qe1 Nf4 23. gxf4 Bxe4 24. Nd2 Bxc2 25. Nc4 Bxb3 26. Nxb6 cxb6 27. Qxb4 Qf3 28. Bg2 Qd1+ 29. Kh2 Bxh4 30. f5 dxe5 31. dxe5 Bxf2 32. f6 Bg1+ 33. Kh3 Qd3+ 34. Kh4 Bf2+ 35. Kh5 Bd1+ 0-1


[Site "https://www.chess.com"]

[Event "Titled Tuesday Blitz June 20 Late 2023"]
[White "Yurasova, Daria"]
[Black "Martinez, Ayelen"]
[WhiteFideId "34146919"]
[BlackFideId "118702"]
[WhiteElo "2109"]
[BlackElo "2074"]
[Result "1-0"]
[Round "10"]
[TimeControl "180+2"]
[Date "2023.06.20"]
[WhiteClock "0:00:42"]
[BlackClock "0:00:16"]
[Board "94"]

1. e4 c5 2. Nf3 d6 3. Bb5+ Nd7 4. O-O a6 5. Bxd7+ Bxd7 6. d4 cxd4 7. Nxd4 e5 8. Ne2 Be7 9. Nbc3 h6 10. Nd5 Nf6 11. Nxf6+ gxf6 12. Nc3 f5 13. exf5 Bxf5 14. Nd5 Rg8 15. Qf3 Bg4 16. Qb3 Rc8 17. Kh1 Bf5 18. Ne3 Be6 19. Qxb7 d5 20. Qxa6 d4 21. Qb5+ Bd7 22. Qxe5 dxe3 23. Bxe3 Bc6 24. f3 f6 25. Qh5+ Kd7 26. Rad1+ Bd6 27. Bc5 Rg5 28. Rxd6+ Kc7 29. Qf7+ Bd7 30. Bb6+ Kxd6 31. Rd1+ Kc6 32. Bxd8 Rxd8 33. Qxf6+ 1-0


[Site "https://www.chess.com"]

[Event "Titled Tuesday Blitz June 20 Late 2023"]
[White "Kaplan, Avi Harrison"]
[Black "Rodriguez Santiago, Jaime"]
[WhiteFideId "30934559"]
[BlackFideId "3100898"]
[WhiteElo "1983"]
[BlackElo "2025"]
[Result "1-0"]
[Round "10"]
[TimeControl "180+2"]
[Date "2023.06.20"]
[WhiteClock "0:00:05"]
[BlackClock "0:00:01"]
[Board "95"]

1. b3 e5 2. Bb2 Nc6 3. e3 Nf6 4. c4 Bd6 5. d4 exd4 6. exd4 O-O 7. Be2 Re8 8. Nf3 Bb4+ 9. Nbd2 d5 10. O-O Bg4 11. a3 Bf8 12. Ne5 Bxe2 13. Qxe2 dxc4 14. Qxc4 Nxe5 15. dxe5 Qxd2 16. Bc3 b5 17. Bxd2 bxc4 18. exf6 cxb3 19. Rab1 Rab8 20. Rfc1 Bd6 21. fxg7 Kxg7 22. Kf1 Re4 23. Rc3 b2 24. Rf3 Be5 25. Bc3 c5 26. Bxe5+ Rxe5 27. Rc3 a5 28. Rc2 Rb3 29. Rbxb2 Rxa3 30. g3 a4 31. Rb5 Rb3 32. Rbxc5 Rxc5 33. Rxc5 a3 34. Ra5 Kg6 35. Kg2 h5 36. h4 f6 37. Kf1 Rc3 38. Ke2 Rc2+ 39. Kf3 a2 40. Ra8 Kf5 41. Kg2 Rb2 42. Ra5+ Kg6 43. Ra3 Rc2 44. Ra4 Kf5 45. Ra5+ Kg6 46. Kf3 Rb2 47. g4 hxg4+ 48. Kg2 g3 49. Kxg3 Kh6 50. Ra6 Kg6 51. f3 Rc2 52. Kg4 Rb2 53. h5+ Kg7 54. f4 Rc2 55. Ra7+ Kh6 56. Ra6 Kg7 57. h6+ Kg6 58. h7 Kxh7 59. Kf5 Rf2 60. Ra7+ Kg8 61. Kg6 Rg2+ 62. Kxf6 Rb2 63. f5 Rb6+ 64. Kg5 Rb1 65. Rxa2 Kf7 66. Ra7+ Kf8 67. Kg6 Rg1+ 68. Kf6 Ke8 69. Ra8+ Kd7 70. Kf7 Rf1 71. f6 Kd6 72. Ra2 Ke5 73. Re2+ Kd6 74. Kg7 Rxf6 75. Kxf6 1-0


[Site "https://www.chess.com"]

[Event "Titled Tuesday Blitz June 20 Late 2023"]
[White "Sokolov, Andrei"]
[Black "disciplinedbrat"]
[WhiteFideId "11600306"]
[WhiteElo "2473"]
[BlackElo "2241"]
[Result "1/2-1/2"]
[Round "10"]
[TimeControl "180+2"]
[Date "2023.06.20"]
[WhiteClock "0:00:03"]
[BlackClock "0:00:13"]
[Board "97"]

1. d4 g6 2. c4 Bg7 3. Nc3 d6 4. e4 e5 5. d5 Nd7 6. h3 a5 7. g4 h5 8. gxh5 Rxh5 9. Be2 Rh8 10. Bd3 Nc5 11. Nge2 Rxh3 12. Rxh3 Bxh3 13. Be3 Nf6 14. Qd2 Ng4 15. O-O-O Nxe3 16. Qxe3 Qh4 17. Kb1 Nxd3 18. Qxd3 Bd7 19. Ng3 f5 20. Rh1 Qf6 21. Rh7 O-O-O 22. Nb5 f4 23. Ne2 Bxb5 24. cxb5 b6 25. Qh3+ Kb8 26. Qe6 Rh8 27. Rxh8+ Bxh8 28. Qe8+ Ka7 29. Qd7 Kb8 30. Qe8+ Kb7 31. Qc6+ Kb8 32. Qe8+ 1/2-1/2


[Site "https://www.chess.com"]

[Event "Titled Tuesday Blitz June 20 Late 2023"]
[White "Florianovitz, Derlei Alex"]
[Black "Fernandez, Maria Florencia"]
[WhiteFideId "2114178"]
[BlackFideId "116459"]
[WhiteElo "1953"]
[BlackElo "2074"]
[Result "1-0"]
[Round "10"]
[TimeControl "180+2"]
[Date "2023.06.20"]
[WhiteClock "0:00:06"]
[BlackClock "0:00:06"]
[Board "98"]

1. e4 c5 2. Nf3 d6 3. d4 cxd4 4. Nxd4 Nf6 5. Nc3 g6 6. Be3 Bg7 7. f3 O-O 8. Bc4 Nc6 9. Qd2 Bd7 10. O-O-O Rb8 11. h4 b5 12. Bb3 Na5 13. g4 Nc4 14. Bxc4 bxc4 15. h5 Qb6 16. Rdg1 Qxb2+ 17. Kd1 e5 18. Nde2 d5 19. exd5 e4 20. hxg6 fxg6 21. fxe4 Nxg4 22. Bd4 Bxd4 23. Qxd4 Nf2+ 24. Kd2 Nxh1 25. Rxh1 Qb6 26. Qxb6 Rxb6 27. e5 Bf5 28. Nd4 Re8 29. e6 Rd6 30. Ke3 a6 31. Nxf5 gxf5 32. Kf4 Rb6 33. Kxf5 Rb2 34. d6 Rxc2 35. d7 Rf2+ 36. Ke5 Ref8 37. e7 R2f5+ 38. Kd4 Rf4+ 39. Ne4 Kf7 40. exf8=Q+ Kxf8 41. d8=Q+ Kg7 42. Qe7+ Rf7 43. Qe5+ Kf8 44. Rh2 c3 45. Rf2 c2 46. Qc5+ Kg8 47. Rxf7 Kxf7 48. Qxc2 Ke6 49. Qc6+ Kf5 50. Qf6+ Kg4 51. Qg5+ Kf3 52. Qg3+ Ke2 53. Qf2+ Kd1 54. Qd2# 1-0


[Site "https://www.chess.com"]

[Event "Titled Tuesday Blitz June 20 Late 2023"]
[White "Sadilek, Peter"]
[Black "Tarnowska, Aleksandra"]
[WhiteFideId "1616439"]
[BlackFideId "1180967"]
[WhiteElo "2227"]
[BlackElo "1776"]
[Result "0-1"]
[Round "10"]
[TimeControl "180+2"]
[Date "2023.06.20"]
[WhiteClock "0:00:00"]
[BlackClock "0:00:23"]
[Board "99"]

1. e4 c5 2. Nf3 e6 3. Nc3 a6 4. g3 Qc7 5. Bg2 Nc6 6. O-O d6 7. Re1 Nf6 8. d4 cxd4 9. Nxd4 Be7 10. Nce2 O-O 11. b3 Bd7 12. c4 Rfd8 13. Bb2 Rac8 14. Rc1 Nb4 15. Nc3 e5 16. Nf5 Bf8 17. Nd5 Nbxd5 18. cxd5 Qa5 19. a4 Qb4 20. Qd3 Bxa4 21. Bxe5 dxe5 22. bxa4 Qxa4 23. Rb1 b5 24. Ra1 Qc4 25. Qf3 g6 26. Ne3 Qc3 27. Qxf6 Bg7 28. Qxa6 Ra8 29. Qxa8 Rxa8 30. Rxa8+ Bf8 0-1


[Site "https://www.chess.com"]

[Event "Titled Tuesday Blitz June 20 Late 2023"]
[White "Sanchez, Robert"]
[Black "Stanisz, Patryk"]
[WhiteFideId "2034360"]
[BlackFideId "1123106"]
[WhiteElo "2086"]
[BlackElo "2069"]
[Result "1-0"]
[Round "10"]
[TimeControl "180+2"]
[Date "2023.06.20"]
[WhiteClock "0:00:35"]
[BlackClock "0:00:01"]
[Board "100"]

1. Nf3 d5 2. e3 Nf6 3. c4 c6 4. Nc3 Bg4 5. d4 e6 6. h3 Bh5 7. Be2 Nbd7 8. cxd5 exd5 9. O-O Bd6 10. a3 O-O 11. b4 Re8 12. Bb2 a6 13. Rc1 Rc8 14. Na4 Bb8 15. Nc5 Ne4 16. Nxe4 dxe4 17. Nd2 Bxe2 18. Qxe2 Nf6 19. Nc4 Nd5 20. Qg4 Re6 21. Ne5 Qe7 22. Qxe4 f6 23. Qxd5 fxe5 24. dxe5 h6 25. f4 cxd5 26. Rxc8+ Kh7 27. Rxb8 Qc7 28. Ra8 Qc2 29. Bd4 Rg6 30. Rf2 Qb1+ 31. Kh2 Qe1 32. Rf3 Qe2 33. Rg3 Rxg3 34. Kxg3 Qe1+ 35. Kh2 Qb1 36. Rb8 b5 37. Rb7 Qe4 38. e6 Kg6 39. Rxg7+ Kf5 40. e7 Ke6 41. e8=Q+ 1-0


[Site "https://www.chess.com"]

[Event "Titled Tuesday Blitz June 20 Late 2023"]
[White "Pein, Jonathan"]
[Black "Torres Dominguez, David"]
[WhiteFideId "417092"]
[BlackFideId "2220857"]
[WhiteElo "2151"]
[BlackElo "1999"]
[Result "0-1"]
[Round "10"]
[TimeControl "180+2"]
[Date "2023.06.20"]
[WhiteClock "0:00:00"]
[BlackClock "0:00:18"]
[Board "101"]

1. b3 Nf6 2. Bb2 g6 3. Bxf6 exf6 4. c4 Bg7 5. Nc3 f5 6. g3 O-O 7. Bg2 Nc6 8. e3 b6 9. Nge2 Bb7 10. d4 Rb8 11. O-O Re8 12. Nf4 Na5 13. Rc1 Bxg2 14. Kxg2 Nb7 15. b4 a5 16. a3 Nd6 17. Qd3 Ne4 18. h4 h6 19. Rh1 c6 20. Nce2 axb4 21. axb4 Ra8 22. Ra1 Rxa1 23. Rxa1 Qe7 24. Ra7 Qxb4 25. Rxd7 Qe1 26. Nh3 Ra8 27. Nef4 Ra1 28. Kf3 Nd2+ 29. Qxd2 Qxd2 30. h5 Ra2 31. Rd8+ Kh7 32. hxg6+ fxg6 33. Ne6 Qd1+ 34. Kg2 Ra1 35. Neg5+ hxg5 36. Nxg5+ Kh6 37. Nf7+ Kh5 38. g4+ Kxg4 39. Nh6+ Bxh6 40. f3+ Qxf3+ 0-1


[Site "https://www.chess.com"]

[Event "Titled Tuesday Blitz June 20 Late 2023"]
[White "Srdanovic, Jovana"]
[Black "Kornyukov, Alexey"]
[WhiteFideId "954810"]
[BlackFideId "4150457"]
[WhiteElo "2155"]
[BlackElo "2352"]
[Result "0-1"]
[Round "10"]
[TimeControl "180+2"]
[Date "2023.06.20"]
[WhiteClock "0:00:00"]
[BlackClock "0:00:30"]
[Board "102"]

1. d4 d5 2. c4 e6 3. Nc3 c6 4. Nf3 dxc4 5. a4 Bb4 6. e3 b5 7. Bd2 a5 8. axb5 Bxc3 9. Bxc3 cxb5 10. b3 Bb7 11. bxc4 b4 12. Bb2 Nf6 13. Bd3 Nbd7 14. O-O O-O 15. Nd2 Qc7 16. f4 a4 17. e4 a3 18. Bc1 Qd6 19. Nb3 Nxe4 20. Re1 f5 21. Be3 Ndf6 22. Qc2 Nc3 23. d5 Nfe4 24. Bxe4 fxe4 25. Bc5 Qxf4 26. Bxf8 Rxf8 27. Rf1 Qe3+ 28. Kh1 Rxf1+ 29. Rxf1 exd5 30. cxd5 Bxd5 31. Nd2 h6 32. Nb1 Qd3 33. Qd1 a2 34. Nxc3 bxc3 0-1


[Site "https://www.chess.com"]

[Event "Titled Tuesday Blitz June 20 Late 2023"]
[White "Skaric, Djuro"]
[Black "Sarkar, Justin"]
[WhiteFideId "934569"]
[BlackFideId "2010011"]
[WhiteElo "2282"]
[BlackElo "2151"]
[Result "0-1"]
[Round "10"]
[TimeControl "180+2"]
[Date "2023.06.20"]
[WhiteClock "0:00:23"]
[BlackClock "0:00:04"]
[Board "103"]

1. g3 Nc6 2. Bg2 Nf6 3. e4 d5 4. exd5 Nxd5 5. Ne2 e5 6. O-O Bc5 7. Nbc3 Be6 8. d3 O-O 9. Ne4 Be7 10. h4 h6 11. N2c3 f5 12. Nxd5 Bxd5 13. Nc3 Bxg2 14. Kxg2 f4 15. Qg4 Nd4 16. gxf4 exf4 17. Bxf4 h5 18. Qg3 Bxh4 19. Qh2 Nxc2 20. Rac1 Nd4 21. Ne4 c6 22. Rce1 Nf5 23. Rd1 Qd5 24. Qh3 Be7 25. Kh2 Nd4 26. Bg3 Nf3+ 27. Kh1 g6 28. Rg1 Ng5 29. Qg2 Nf3 30. Rgf1 Kh7 31. Nc3 Qf5 32. d4 h4 33. Bh2 h3 34. Qg3 Rad8 35. Qc7 Rd7 36. Qf4 Qxf4 37. Bxf4 Rxf4 38. d5 cxd5 39. Nxd5 Rf5 40. Nf6+ Rxf6 41. Rxd7 Re6 42. Rxb7 g5 43. Rd1 Kg6 44. Rxa7 Kf6 45. Ra3 g4 46. Re3 Rxe3 47. fxe3 g3 48. Rg1 Nxg1 49. Kxg1 Ke5 50. a3 Ke4 51. a4 Kxe3 52. a5 Kf3 53. a6 h2+ 54. Kh1 Bd6 55. a7 g2# 0-1


[Site "https://www.chess.com"]

[Event "Titled Tuesday Blitz June 20 Late 2023"]
[White "Bongo Akanga Ndjila, Barthelemy"]
[Black "Vaglio Munoz, Jaime"]
[WhiteFideId "10609431"]
[BlackFideId "6500145"]
[WhiteElo "1768"]
[BlackElo "2199"]
[Result "0-1"]
[Round "10"]
[TimeControl "180+2"]
[Date "2023.06.20"]
[WhiteClock "0:00:01"]
[BlackClock "0:00:08"]
[Board "104"]

1. d4 g6 2. c4 Bg7 3. Nc3 d6 4. e4 Nd7 5. Be2 e5 6. d5 Ne7 7. Nf3 h6 8. Be3 O-O 9. Nd2 f5 10. f3 f4 11. Bf2 a5 12. a4 b6 13. Rb1 Nc5 14. b4 axb4 15. Rxb4 Bd7 16. O-O Qe8 17. Nb5 Bxb5 18. cxb5 g5 19. Nc4 Qg6 20. Bxc5 dxc5 21. Rb2 Nc8 22. Ra2 Rf7 23. a5 h5 24. a6 Qf6 25. Nd2 Bf8 26. Bc4 Bd6 27. Rf2 Rg7 28. Nf1 g4 29. g3 Kh7 30. gxf4 exf4 31. fxg4 hxg4 32. Rg2 Qh4 33. e5 Bxe5 34. Qd3+ Kh8 35. Qf5 Bd4+ 36. Kh1 Nd6 37. Qe6 Re8 38. Qxe8+ Nxe8 39. Rae2 Nd6 40. Ba2 f3 41. Re6 fxg2+ 42. Kxg2 Qh3+ 43. Kh1 Qxf1# 0-1


[Site "https://www.chess.com"]

[Event "Titled Tuesday Blitz June 20 Late 2023"]
[White "Thiel, Thomas"]
[Black "Gyulamiryan-koryun"]
[WhiteFideId "4615964"]
[WhiteElo "2200"]
[BlackElo "1914"]
[Result "1-0"]
[Round "10"]
[TimeControl "180+2"]
[Date "2023.06.20"]
[WhiteClock "0:00:04"]
[BlackClock "0:00:00"]
[Board "105"]

1. e4 e5 2. Nf3 Nc6 3. d4 exd4 4. Nxd4 Bc5 5. Nb3 Bb6 6. Nc3 Nge7 7. Bg5 O-O 8. Qd2 f6 9. Bh4 Ng6 10. Bg3 Nce5 11. O-O-O d6 12. f4 Ng4 13. Nd5 c6 14. Nxb6 axb6 15. Kb1 d5 16. exd5 c5 17. h3 Nh6 18. d6 Bd7 19. Qd5+ Kh8 20. Qxb7 Nf5 21. Bh2 Ne3 22. Rc1 Bf5 23. Qc7 Rf7 24. Qxd8+ Rxd8 25. g4 Be4 26. Rg1 f5 27. gxf5 Bxf5 28. Bb5 Rxd6 29. Rge1 Re7 30. Bg1 Nd5 31. Rxe7 Ngxe7 32. Bf1 g6 33. h4 Nb4 34. Nxc5 bxc5 35. Bxc5 Bxc2+ 36. Ka1 Rd1 37. Rxd1 Bxd1 38. Bxb4 Nd5 39. Bc3+ Nxc3 40. bxc3 Kg7 41. Kb2 Kf6 42. Ka3 Ke6 43. Kb4 Kd6 44. a4 Kc7 45. a5 Kb7 46. a6+ Kb6 47. c4 Bf3 48. c5+ Ka7 49. Bb5 h6 50. Be8 Be4 51. Bb5 1-0


[Site "https://www.chess.com"]

[Event "Titled Tuesday Blitz June 20 Late 2023"]
[White "Ricaurte Lopez, Juan Carlos"]
[Black "Campos, Maria Jose"]
[WhiteFideId "3600327"]
[BlackFideId "146803"]
[WhiteElo "2200"]
[BlackElo "2170"]
[Result "0-1"]
[Round "10"]
[TimeControl "180+2"]
[Date "2023.06.20"]
[WhiteClock "0:00:36"]
[BlackClock "0:01:52"]
[Board "106"]

1. e4 e5 2. d4 exd4 3. c3 d3 4. Bxd3 Nc6 5. f4 Bc5 6. Nf3 Nf6 7. b4 Bb6 8. a4 a6 9. Na3 O-O 10. Nc4 Ba7 11. e5 Ng4 12. Bxh7+ Kh8 13. Ng5 d5 14. e6 Nh6 15. Ne5 Nxe5 16. fxe5 Bxe6 17. Nxe6 fxe6 18. Qh5 Kxh7 19. Bxh6 gxh6 20. Ke2 Rf2+ 21. Kd3 Qg5 0-1


[Site "https://www.chess.com"]

[Event "Titled Tuesday Blitz June 20 Late 2023"]
[White "Alexikov, Alexander"]
[Black "Sainz Aguirre, Ignacio"]
[WhiteFideId "14103958"]
[BlackFideId "5101727"]
[WhiteElo "2186"]
[BlackElo "1889"]
[Result "1-0"]
[Round "10"]
[TimeControl "180+2"]
[Date "2023.06.20"]
[WhiteClock "0:00:41"]
[BlackClock "0:00:07"]
[Board "107"]

1. e4 e6 2. d4 d5 3. Nc3 Bb4 4. Ne2 dxe4 5. a3 Bxc3+ 6. Nxc3 Nc6 7. Bb5 Ne7 8. Bg5 f6 9. Be3 O-O 10. Qd2 f5 11. O-O-O Nd5 12. Nxd5 exd5 13. Bxc6 bxc6 14. h4 Qe7 15. Bg5 Qf7 16. Bf4 Be6 17. h5 Rab8 18. Rh3 Rb6 19. Rdh1 Rfb8 20. b3 Qe7 21. Kb2 Ra6 22. Ra1 c5 23. Be5 c4 24. b4 Ra4 25. c3 Qd7 26. Rg3 Bf7 27. Rxg7+ Kf8 28. Qh6 Ke8 29. Qxh7 Ra6 30. Qh8+ Ke7 31. Qxb8 Qa4 32. Qxc7+ 1-0


[Site "https://www.chess.com"]

[Event "Titled Tuesday Blitz June 20 Late 2023"]
[White "White, John S."]
[Black "Kopacz, Grzegorz"]
[WhiteFideId "2502348"]
[BlackFideId "1109880"]
[WhiteElo "2028"]
[BlackElo "2037"]
[Result "0-1"]
[Round "10"]
[TimeControl "180+2"]
[Date "2023.06.20"]
[WhiteClock "0:00:00"]
[BlackClock "0:00:17"]
[Board "108"]

1. e4 c5 2. Nf3 e6 3. d4 cxd4 4. Nxd4 Nf6 5. Nc3 Nc6 6. Be3 Bb4 7. Nb5 Nxe4 8. a3 Bxc3+ 9. bxc3 O-O 10. Qd3 d5 11. Be2 a6 12. Nd4 Ne5 13. Qd1 Nxc3 14. Qc1 Nxe2 15. Nxe2 Nc4 16. Bd4 Qa5+ 17. Bc3 Qc7 18. O-O b5 19. Qg5 e5 20. Ng3 f6 21. Qh4 d4 22. Bb4 Rf7 23. f4 Ne3 24. Rf2 a5 25. Be1 exf4 26. Rxf4 Qxc2 27. Rf2 Qc4 28. Ne4 Ra6 29. Bd2 Bb7 30. Rc1 Qd5 31. Nc5 Rc6 32. Nxb7 Rxc1+ 33. Bxc1 Rxb7 34. Rd2 Rd7 35. Qh3 Nc4 36. Re2 Rd8 37. Qg4 d3 38. Re6 Qd4+ 0-1


[Site "https://www.chess.com"]

[Event "Titled Tuesday Blitz June 20 Late 2023"]
[White "Cueto, Jonny"]
[Black "Grabs, Peter"]
[WhiteFideId "3300145"]
[BlackFideId "16203887"]
[WhiteElo "2240"]
[BlackElo "1696"]
[Result "1-0"]
[Round "10"]
[TimeControl "180+2"]
[Date "2023.06.20"]
[WhiteClock "0:01:35"]
[BlackClock "0:01:53"]
[Board "109"]

1. d4 e6 2. Bf4 d5 3. e3 Nf6 4. Nf3 Nbd7 5. Nbd2 Bd6 6. Ne5 Bxe5 7. dxe5 Ne4 8. Nxe4 dxe4 9. Qg4 Rg8 10. O-O-O Qe7 11. Bg5 f6 12. exf6 Nxf6 13. Bxf6 Qxf6 14. Qxe4 Qxf2 15. Bb5+ 1-0


[Site "https://www.chess.com"]

[Event "Titled Tuesday Blitz June 20 Late 2023"]
[White "Burke, Paul"]
[Black "Dmitriev, Sergey"]
[WhiteFideId "2605767"]
[BlackFideId "14101785"]
[WhiteElo "1920"]
[BlackElo "2132"]
[Result "0-1"]
[Round "10"]
[TimeControl "180+2"]
[Date "2023.06.20"]
[WhiteClock "0:02:00"]
[BlackClock "0:01:53"]
[Board "110"]

1. e4 d6 2. Nc3 g6 3. g3 Bg7 4. Bg2 Nf6 5. Nge2 O-O 6. d3 e5 7. h3 Nc6 8. O-O Re8 9. f4 exf4 10. Nxf4 Nd4 11. Ncd5 Nxd5 12. Nxd5 c6 13. Nf4 Ne6 14. Nxe6 Bxe6 15. c3 f5 16. exf5 Bxf5 17. Rxf5 gxf5 18. Qf3 Qb6+ 19. Kh2 Rf8 20. Bf4 d5 21. d4 Rae8 22. Rf1 Qxb2 0-1


[Site "https://www.chess.com"]

[Event "Titled Tuesday Blitz June 20 Late 2023"]
[White "Sai Han Thiha"]
[Black "Vargas, Mauricio"]
[WhiteFideId "13012290"]
[BlackFideId "4404572"]
[WhiteElo "1953"]
[BlackElo "1986"]
[Result "1-0"]
[Round "10"]
[TimeControl "180+2"]
[Date "2023.06.20"]
[WhiteClock "0:00:39"]
[BlackClock "0:00:00"]
[Board "111"]

1. d4 d5 2. Nf3 c6 3. Bf4 f6 4. h4 Nd7 5. e3 e6 6. c4 Bb4+ 7. Nc3 Bxc3+ 8. bxc3 Ne7 9. Qc2 O-O 10. Bd3 h6 11. h5 Nb6 12. c5 Nd7 13. Rh3 b6 14. Rg3 bxc5 15. Bxh6 Rf7 16. Bh7+ Kh8 17. Bg6 Nxg6 18. hxg6 Re7 19. Bf4 cxd4 20. exd4 e5 21. dxe5 Nxe5 22. Nxe5 fxe5 23. Bg5 Kg8 24. O-O-O e4 25. Rh1 Qd6 26. Bxe7 Qxe7 27. Re3 1-0


[Site "https://www.chess.com"]

[Event "Titled Tuesday Blitz June 20 Late 2023"]
[White "Prohorov, Olexandr"]
[Black "Hu, Merric"]
[WhiteFideId "14105578"]
[BlackFideId "30906660"]
[WhiteElo "1977"]
[BlackElo "1922"]
[Result "1/2-1/2"]
[Round "10"]
[TimeControl "180+2"]
[Date "2023.06.20"]
[WhiteClock "0:00:04"]
[BlackClock "0:00:06"]
[Board "112"]

1. e4 e6 2. Qe2 d5 3. exd5 Qxd5 4. Nc3 Qa5 5. Nf3 Nf6 6. d4 c6 7. Bd2 Be7 8. g3 O-O 9. Bg2 Nbd7 10. O-O Qc7 11. a3 a5 12. Rab1 a4 13. Rfe1 b5 14. Ne4 Nxe4 15. Qxe4 Nf6 16. Qd3 Bb7 17. Ne5 Rad8 18. c3 Nd7 19. Qe4 Nxe5 20. Qxe5 Qxe5 21. Rxe5 Bf6 22. Re2 Rd7 23. Bf4 Rfd8 24. h3 h6 25. g4 Rc8 26. Rbe1 c5 27. Bxb7 Rxb7 28. dxc5 Rxc5 29. Rd1 Rc4 30. Bg3 g6 31. Kg2 Kg7 32. f4 g5 33. Rf2 Re7 34. fxg5 Bxg5 35. h4 Be3 36. Re2 Bc5 37. Kh3 f6 38. Bd6 Bxd6 39. Rxd6 e5 40. Kg3 Rc5 41. Rf2 Rf7 42. Re6 Kf8 43. h5 Kg7 44. Re8 Rd5 45. Rf3 Rfd7 46. Re6 R7d6 47. Re7+ Kf8 48. Rh7 Kg8 49. Rxh6 Kg7 50. Rg6+ Kf7 51. g5 e4 52. Rgxf6+ Rxf6 53. Rxf6+ Kg7 54. Re6 Rxg5+ 55. Kh4 Rg2 56. Rxe4 Rxb2 57. Rb4 Rb3 58. Kg5 Rxc3 59. Rxb5 Rxa3 60. Rb7+ Kg8 61. Kh6 Ra1 62. Ra7 a3 63. Ra8+ Kf7 64. Kh7 Rh1 65. h6 Rh3 66. Ra7+ Kf6 67. Ra6+ Kf7 68. Kh8 a2 69. h7 Rh2 70. Ra7+ Kf8 71. Ra8+ Kf7 72. Ra3 Kf8 73. Ra8+ Kf7 74. Ra7+ Kf6 75. Ra6+ Ke7 76. Ra7+ Kf8 77. Ra8+ 1/2-1/2


[Site "https://www.chess.com"]

[Event "Titled Tuesday Blitz June 20 Late 2023"]
[White "Paravyan, David"]
[Black "Firouzja, Alireza"]
[WhiteFideId "4194985"]
[BlackFideId "12573981"]
[WhiteElo "2563"]
[BlackElo "2896"]
[Result "0-1"]
[Round "11"]
[TimeControl "180+2"]
[Date "2023.06.20"]
[WhiteClock "0:02:52"]
[BlackClock "0:02:19"]
[Board "1"]

1. e4 c5 2. Nf3 e6 3. d4 cxd4 4. Nxd4 Nc6 5. Nc3 Qc7 6. Nxc6 bxc6 7. Bd3 Ne7 8. O-O Ng6 9. f4 Be7 10. Qh5 Ba6 11. Bxa6 Qb6+ 12. Kh1 Qxa6 13. f5 Qxf1# 0-1


[Site "https://www.chess.com"]

[Event "Titled Tuesday Blitz June 20 Late 2023"]
[White "Kollars, Dmitrij"]
[Black "Nakamura, Hikaru"]
[WhiteFideId "12909572"]
[BlackFideId "2016192"]
[WhiteElo "2584"]
[BlackElo "2874"]
[Result "1-0"]
[Round "11"]
[TimeControl "180+2"]
[Date "2023.06.20"]
[WhiteClock "0:00:02"]
[BlackClock "0:00:00"]
[Board "2"]

1. e4 e6 2. d4 d5 3. exd5 Qxd5 4. Nf3 Nf6 5. Be2 b6 6. Ne5 c6 7. O-O Qd8 8. Bf3 Bb7 9. Bf4 Be7 10. c4 O-O 11. Nc3 Qc8 12. Qe2 Nbd7 13. Rad1 Re8 14. Rfe1 Nf8 15. Qc2 Ng6 16. Bg3 Bf8 17. h4 Ne7 18. h5 Nf5 19. Bf4 c5 20. Bxb7 Qxb7 21. h6 Nxd4 22. Qc1 Nd7 23. Nb5 f6 24. hxg7 Be7 25. Nxd7 Qxd7 26. Nc7 e5 27. Nxe8 Rxe8 28. Be3 Qg4 29. Bxd4 cxd4 30. a3 h5 31. b4 h4 32. Qc2 h3 33. Qe4 Qxe4 34. Rxe4 Kxg7 35. f4 a5 36. fxe5 f5 37. Rexd4 axb4 38. axb4 Bxb4 39. Rd7+ Kg6 40. R7d5 Bc5+ 41. Kh2 hxg2 42. Kxg2 Ra8 43. R1d3 f4 44. e6 Kf6 45. Kf3 Kxe6 46. Kxf4 Ra4 47. Re5+ Kf6 48. Re4 Ra1 49. Rf3 Rc1 50. Kg4+ Kg6 51. Re6+ Kg7 52. Re4 Kg6 53. Ref4 Rg1+ 54. Kh3 Rh1+ 55. Kg2 Rg1+ 56. Kh2 Rc1 57. Rg4+ Kh5 58. Re4 Kg5 59. Kg2 Rc2+ 60. Kh3 Rc1 61. Rg4+ Kh5 62. Rfg3 Rh1+ 63. Kg2 Rg1+ 64. Kf3 Rf1+ 65. Ke2 Rd1 66. Kxd1 1-0


[Site "https://www.chess.com"]

[Event "Titled Tuesday Blitz June 20 Late 2023"]
[White "Martinez Alcantara, Jose Eduardo"]
[Black "Ibarra Jerez, Jose Carlos"]
[WhiteFideId "3805662"]
[BlackFideId "2226332"]
[WhiteElo "2711"]
[BlackElo "2631"]
[Result "1-0"]
[Round "11"]
[TimeControl "180+2"]
[Date "2023.06.20"]
[WhiteClock "0:02:29"]
[BlackClock "0:01:02"]
[Board "3"]

1. e4 e6 2. d4 d5 3. Nd2 c5 4. Ngf3 cxd4 5. Nxd4 Nf6 6. exd5 Nxd5 7. c3 Bc5 8. N2f3 O-O 9. Bd3 e5 10. Nb3 Bb6 11. O-O Nc6 12. Qe2 Qf6 13. Qe4 Rd8 14. Qxh7+ Kf8 15. Bg5 1-0


[Site "https://www.chess.com"]

[Event "Titled Tuesday Blitz June 20 Late 2023"]
[White "Babazada, Khazar"]
[Black "Kamsky, Gata"]
[WhiteFideId "13413554"]
[BlackFideId "2000024"]
[WhiteElo "2369"]
[BlackElo "2660"]
[Result "1/2-1/2"]
[Round "11"]
[TimeControl "180+2"]
[Date "2023.06.20"]
[WhiteClock "0:00:08"]
[BlackClock "0:00:14"]
[Board "4"]

1. e4 c5 2. Nf3 e6 3. d4 cxd4 4. Nxd4 Nc6 5. Nc3 Qc7 6. f4 a6 7. Nxc6 Qxc6 8. Bd3 b5 9. Qe2 Bb7 10. Bd2 Nf6 11. e5 Nd5 12. Ne4 Nb4 13. Bxb4 Bxb4+ 14. c3 Be7 15. O-O O-O 16. Rad1 Qb6+ 17. Kh1 Bxe4 18. Bxe4 Rad8 19. Rd3 g6 20. Rfd1 d6 21. exd6 Rxd6 22. Rxd6 Bxd6 23. Qf3 Rd8 24. g3 a5 25. Kg2 b4 26. cxb4 Bxb4 27. Rxd8+ Qxd8 28. Qd3 Qf6 29. Qc2 Qd4 30. Bf3 Bc5 31. Qc3 Qf2+ 32. Kh3 Bd4 33. Qxa5 Kg7 34. Qa8 Qxb2 35. a4 h5 36. a5 Bg1 37. Bg2 Qb5 38. Qe4 Qxa5 39. Bf3 Qd2 40. Be2 Bd4 41. Qd3 Qb2 42. Kg2 Qa1 43. Qe4 Qg1+ 44. Kh3 Bf6 45. Qf3 Qe1 46. Kg2 Qd2 47. Qd3 Qb2 48. Kh3 e5 49. fxe5 Bxe5 50. Qf3 Qd4 51. Bd1 Qd7+ 52. Kg2 Qd2+ 53. Qe2 Qd4 54. Qf3 h4 55. Bb3 Qd2+ 56. Kh3 f5 57. Qd5 Qxd5 58. Bxd5 hxg3 59. hxg3 Kf6 60. g4 fxg4+ 61. Kxg4 g5 62. Be4 Bf4 63. Bf5 Be5 64. Bb1 Bf4 65. Bc2 Be5 66. Bb1 Bf4 67. Bc2 Be5 68. Bb1 1/2-1/2


[Site "https://www.chess.com"]